Griffins vs Heat
Created - March 28, 2024 at 20:43
Goals
|
| Griffins |
0 |
3 |
0 |
3 |
| Heat |
2 |
3 |
0 |
5 |
|
Shots
|
| Griffins |
11 |
18 |
14 |
43 |
| Heat |
11 |
17 |
12 |
40 |
|
1st period
1. Heat , Tage Thompson 4 (Vitali Kravtsov 5, Frank Corrado 19) at 19:46
2. Heat , Nico Sturm 29 (Evgeny Svechnikov 46) at 19:52
Penalties :
Jesper Bratt (Sto) for Hooking (Minor) at 3:03, Andrey Pedan (Gra) for Hooking (Minor) at 15:15
2nd period
3. Heat , Vitali Kravtsov 10 (Petteri Lindbohm 18, Tage Thompson 11) at 3:08
4. Heat , Ryan Spooner 21 (Rasmus Andersson 56) at 4:06
5. Griffins , Brendan Leipsic 8 (Riley Armstrong 28, Morgan Geekie 17) at 5:20
6. Griffins , Filip Hronek 9 (Martin Frk 52, Nico Hischier 75) at 9:18 (PP)
7. Griffins , Robby Fabbri 19 (Filip Hronek 36, Sonny Milano 40) at 10:45
8. Heat , Ryan Donato 11 (Erik Brannstrom 39) at 11:52
Penalties :
Nils Lundkvist (Gra) for Tripping (Minor) at 6:28, Barclay Goodrow (Sto) for Interference (Minor) at 9:09, Barclay Goodrow (Sto) for Slashing (Minor) at 17:11
3rd period
No Goal
Penalties :
Riley Armstrong (Gra) for Holding (Minor) at 13:05, Robby Fabbri (Gra) for Hooking (Minor) at 18:16
Goalie Stats
Marcus Hogberg (Gra), 15 saves from 19 shots - (0.789), L, 31-8-1, 24:06 minutes
Adam Werner (Gra), 20 saves from 21 shots - (0.952), 35:54 minutes
Michael Hutchinson (Sto), 40 saves from 43 shots - (0.930), W, 28-22-5, 60:00 minutes
Players Stats for Griffins
Player Name G A P +/- PIM S H SB GA TA FO MP PP MP PK MP
------------------------------------------------------------------------------------
Andrey Pedan 0 0 0 -1 2 2 2 2 0 1 0/0 20:59 0:00 2:19
Brendan Leipsic 1 0 1 -1 0 5 0 0 0 0 0/1 10:35 0:15 0:07
Christoffer Ehn 0 0 0 1 0 2 1 0 0 0 9/20 18:35 1:50 1:44
Cody Glass 0 0 0 -1 0 4 1 0 0 0 3/6 8:36 0:15 2:08
Filip Hronek 1 1 2 -1 0 3 2 1 0 0 0/0 24:54 2:08 4:30
Ian McCoshen 0 0 0 -1 0 1 1 1 0 0 0/0 14:51 0:00 4:30
Jack Studnicka 0 0 0 -1 0 0 0 0 0 1 0/0 5:05 0:00 0:00
Lucas Lessio 0 0 0 -2 0 2 3 0 1 0 2/4 24:11 2:02 4:21
Martin Frk 0 1 1 -2 0 4 1 2 1 2 0/0 20:11 2:02 0:00
Morgan Barron 0 0 0 -1 0 1 0 0 0 0 0/0 6:42 0:00 1:34
Morgan Geekie 0 1 1 -1 0 1 0 0 0 0 0/0 9:46 0:15 0:00
Nico Hischier 0 1 1 -2 0 3 1 1 0 1 12/33 21:24 2:02 1:06
Nils Lundkvist 0 0 0 -1 2 1 0 4 1 1 0/0 15:15 1:59 0:00
Riley Armstrong 0 1 1 -1 2 5 2 0 0 0 4/14 14:13 1:50 3:14
Robbie Russo 0 0 0 -1 0 2 0 1 0 0 0/0 15:45 0:00 0:40
Robby Fabbri 1 0 1 1 2 4 0 1 1 0 0/0 19:12 2:08 1:06
Ryan Pulock 0 0 0 -1 0 2 1 1 0 0 0/0 20:01 1:59 3:10
Sebastian Ahaut 0 0 0 0 0 0 0 2 0 0 0/0 5:10 0:00 0:11
Sonny Milano 0 1 1 1 0 1 1 0 0 1 0/1 16:51 1:50 0:00
Players Stats for Heat
Player Name G A P +/- PIM S H SB GA TA FO MP PP MP PK MP
------------------------------------------------------------------------------------
Barclay Goodrow 0 0 0 0 4 2 1 0 0 0 0/0 18:43 3:27 0:57
Brandon Hickey 0 0 0 -2 0 3 0 1 0 0 0/0 16:26 0:38 1:45
Christian Jaros 0 0 0 -2 0 1 2 0 0 0 0/0 13:23 0:00 1:45
Eric Karlsson 0 0 0 1 0 0 1 0 1 0 0/0 10:30 0:00 2:07
Erik Brannstrom 0 1 1 2 0 2 0 0 0 1 0/0 19:49 5:12 0:00
Evgeny Svechnikov 0 1 1 1 0 6 2 0 0 1 0/0 21:52 4:13 0:00
Frank Corrado 0 1 1 2 0 2 2 1 0 1 0/0 17:43 2:28 0:00
Jesper Bratt 0 0 0 0 2 3 2 0 1 0 1/2 18:21 4:13 0:05
Nico Sturm 1 0 1 1 0 2 0 0 0 0 24/39 22:29 4:13 0:51
Peter Cehlarik 0 0 0 1 0 2 1 1 4 0 1/3 20:14 0:00 2:16
Petteri Lindbohm 0 1 1 3 0 1 0 0 0 0 0/0 26:48 2:28 2:22
Rasmus Andersson 0 1 1 3 0 5 0 1 1 1 0/0 25:51 4:34 2:22
Ryan Donato 1 0 1 1 0 3 0 0 0 0 5/7 13:26 3:27 1:05
Ryan Spooner 1 0 1 0 0 3 2 0 0 0 16/24 16:48 3:27 0:00
Tage Thompson 1 1 2 1 0 1 0 1 0 0 0/0 7:59 0:00 0:00
Taylor Raddysh 0 0 0 1 0 1 0 0 0 0 0/0 8:14 0:00 0:00
Vitali Kravtsov 1 1 2 1 0 2 0 0 0 0 0/0 9:15 0:00 0:53
Vladislav Kamenev 0 0 0 1 0 1 0 1 0 0 2/4 7:59 0:00 0:00
3 Stars
1 - Tage Thompson (Sto)
2 - Vitali Kravtsov (Sto)
3 - Michael Hutchinson (Sto)
Power Play
Griffins - 1 on 3 Attempt(s) - 33.33%
Heat - 0 on 4 Attempt(s) - 0.00%
Penalty Kill
Griffins - 4 on 4 Attempt(s) - 100.00%
- Score 0 goal in Penalty Kill
Heat - 2 on 3 Attempt(s) - 66.67%
- Score 0 goal in Penalty Kill
Team Stat
Griffins - Hits : 16 - Faceoff Wins : 30 - Blocked Shots : 16 - Penalty Minutes : 8
Heat - Hits : 13 - Faceoff Wins : 49 - Blocked Shots : 6 - Penalty Minutes : 6
Official
Referees : Dan O'Rourke and Dean Morton
Linesman : Jesse Marquis and Jonny Murray
Game Notes
Adam Werner enters game at 4:06 of 2nd period
Finance
Level 1 -- Attendance: 1934 (96.70%) -- Ticket Income $135,380
Level 2 -- Attendance: 876 (87.60%) -- Ticket Income $35,040
Total Attendance: 2810 (93.67%)
Total Ticket Income: $170,420
Other Income: $8,521
Total Income: $178,941
Griffins
5 vs 5 Forward
Center Left Wing Right Wing Time % Phy DF OF
1 Nico Hischier Lucas Lessio Martin Frk 40 1 2 2
2 Christoffer Ehn Robby Fabbri Sonny Milano 30 1 2 2
3 Riley Armstrong Brendan Leipsic Morgan Geekie 20 1 2 2
4 Cody Glass Morgan Barron Jack Studnicka 10 1 2 2
5 vs 5 Defense
Defense Defense Time % Phy DF OF
1 Filip Hronek Andrey Pedan 40 1 2 2
2 Ryan Pulock Nils Lundkvist 30 1 2 2
3 Robbie Russo Ian McCoshen 20 1 2 2
4 Robbie Russo Sebastian Ahaut 10 1 2 2
PowerPlay Forward
Center Left Wing Right Wing Time % Phy DF OF
1 Nico Hischier Lucas Lessio Martin Frk 60 1 2 2
2 Christoffer Ehn Sonny Milano Riley Armstrong 40 1 2 2
PowerPlay Defense
Defense Defense Time % Phy DF OF
1 Filip Hronek Robby Fabbri 60 1 2 2
2 Ryan Pulock Nils Lundkvist 40 1 2 2
Penalty Kill 4 Players Forward
Center Wing Time % Phy DF OF
1 Riley Armstrong Lucas Lessio 60 1 2 2
2 Christoffer Ehn Robby Fabbri 40 1 2 2
Penalty Kill 4 Players Defense
Defense Defense Time % Phy DF OF
1 Filip Hronek Ian McCoshen 60 1 2 2
2 Ryan Pulock Andrey Pedan 40 1 2 2
Penalty Kill - 3 Players Forward
Forward Time % Phy DF OF
1 Christoffer Ehn 60 1 2 2
2 Riley Armstrong 40 1 2 2
Penalty Kill - 3 Players Defense
Defense Defense Time % Phy DF OF
1 Filip Hronek Ian McCoshen 60 1 2 2
2 Ryan Pulock Andrey Pedan 40 1 2 2
4 vs 4 Forward
Center Wing Time % Phy DF OF
1 Christoffer Ehn Robby Fabbri 60 1 2 2
2 Nico Hischier Martin Frk 40 1 2 2
4 vs 4 Defense
Defense Defense Time % Phy DF OF
1 Filip Hronek Ian McCoshen 60 1 2 2
2 Ryan Pulock Andrey Pedan 40 1 2 2
Last Minutes Offensive
Center Left Wing Right Wing Defense Defense
Nico Hischier Lucas Lessio Martin Frk Filip Hronek Nils Lundkvist
Last Minutes Defensive
Center Left Wing Right Wing Defense Defense
Christoffer Ehn Lucas Lessio Riley Armstrong Filip Hronek Ian McCoshen
Goaltenders
Starting : Marcus Hogberg
Backup : Adam Werner
Extra Forwards
Normal : Morgan Geekie, Brendan Leipsic, Cody Glass - PP : Cody Glass, Brendan Leipsic - PK : Cody Glass
Extra Defensemen
Normal : Andrey Pedan, Robbie Russo, Sebastian Ahaut - PP : Ian McCoshen - PK : Robbie Russo, Sebastian Ahaut
Penalty Shots
Sonny Milano, Robby Fabbri, Martin Frk, Lucas Lessio, Riley Armstrong
Custom OT Lines Forwards
Lucas Lessio, Nico Hischier, Robby Fabbri, Christoffer Ehn, Martin Frk, Riley Armstrong, Morgan Geekie, Cody Glass, Brendan Leipsic, Jack Studnicka
Custom OT Lines Defensemen
Filip Hronek, Ian McCoshen, Ryan Pulock, Andrey Pedan, Nils Lundkvist
Scratches
Jack Ramsey (Healthy), Jesse Graham (Healthy), Michael Bunting (Healthy), Conor Timmins (Healthy), Tyler Lewington (Healthy)
Calvin Thurkauf (Healthy), Oskar Steen (Healthy), Nick Swaney (Healthy), Dominik Bokk (Healthy), Philippe Desrosiers (Healthy)
Heat
5 vs 5 Forward
Center Left Wing Right Wing Time % Phy DF OF
1 Nico Sturm Peter Cehlarik Evgeny Svechnikov 40 1 2 2
2 Ryan Spooner Jesper Bratt Barclay Goodrow 30 1 2 2
3 Ryan Donato Eric Karlsson Taylor Raddysh 20 1 2 2
4 Vladislav Kamenev Vitali Kravtsov Tage Thompson 10 1 2 2
5 vs 5 Defense
Defense Defense Time % Phy DF OF
1 Petteri Lindbohm Rasmus Andersson 40 1 2 2
2 Erik Brannstrom Frank Corrado 30 1 2 2
3 Christian Jaros Brandon Hickey 20 1 2 2
4 Petteri Lindbohm Brandon Hickey 10 1 2 2
PowerPlay Forward
Center Left Wing Right Wing Time % Phy DF OF
1 Nico Sturm Jesper Bratt Evgeny Svechnikov 60 1 2 2
2 Ryan Spooner Ryan Donato Barclay Goodrow 40 1 2 2
PowerPlay Defense
Defense Defense Time % Phy DF OF
1 Erik Brannstrom Rasmus Andersson 60 1 2 2
2 Petteri Lindbohm Frank Corrado 40 1 2 2
Penalty Kill 4 Players Forward
Center Wing Time % Phy DF OF
1 Peter Cehlarik Barclay Goodrow 60 1 2 2
2 Nico Sturm Jesper Bratt 40 1 2 2
Penalty Kill 4 Players Defense
Defense Defense Time % Phy DF OF
1 Petteri Lindbohm Rasmus Andersson 60 1 2 2
2 Christian Jaros Brandon Hickey 40 1 2 2
Penalty Kill - 3 Players Forward
Forward Time % Phy DF OF
1 Ryan Spooner 60 1 2 2
2 Barclay Goodrow 40 1 2 2
Penalty Kill - 3 Players Defense
Defense Defense Time % Phy DF OF
1 Petteri Lindbohm Rasmus Andersson 60 1 2 2
2 Christian Jaros Brandon Hickey 40 1 2 2
4 vs 4 Forward
Center Wing Time % Phy DF OF
1 Nico Sturm Jesper Bratt 60 1 2 2
2 Ryan Spooner Evgeny Svechnikov 40 1 2 2
4 vs 4 Defense
Defense Defense Time % Phy DF OF
1 Petteri Lindbohm Rasmus Andersson 60 1 2 2
2 Erik Brannstrom Frank Corrado 40 1 2 2
Last Minutes Offensive
Center Left Wing Right Wing Defense Defense
Nico Sturm Jesper Bratt Evgeny Svechnikov Erik Brannstrom Rasmus Andersson
Last Minutes Defensive
Center Left Wing Right Wing Defense Defense
Nico Sturm Peter Cehlarik Barclay Goodrow Petteri Lindbohm Rasmus Andersson
Goaltenders
Starting : Michael Hutchinson
Backup : Joel Hofer
Extra Forwards
Normal : Jesper Bratt, Peter Cehlarik, Barclay Goodrow - PP : Peter Cehlarik, Eric Karlsson - PK : Peter Cehlarik
Extra Defensemen
Normal : Petteri Lindbohm, Brandon Hickey, Christian Jaros - PP : Frank Corrado - PK : Brandon Hickey, Christian Jaros
Penalty Shots
Jesper Bratt, Evgeny Svechnikov, Peter Cehlarik, Vitali Kravtsov, Ryan Spooner
Custom OT Lines Forwards
Peter Cehlarik, Evgeny Svechnikov, Nico Sturm, Jesper Bratt, Ryan Spooner, Eric Karlsson, Ryan Donato, Taylor Raddysh, Barclay Goodrow, Vitali Kravtsov
Custom OT Lines Defensemen
Rasmus Andersson, Erik Brannstrom, Petteri Lindbohm, Frank Corrado, Brandon Hickey
Scratches
Filip Hallander (Healthy), Dominik Masin (Healthy), Skyler Brind'Amour (Healthy), John Gilmour (Healthy), Darren Raddysh (Healthy)
Tim Berni (Healthy), Ivan Chekhovich (Healthy), Trevor Carrick (Healthy), Radim Zohorna (Healthy), Demetrios Koumontzis (Healthy)
Vitek Vanecek (Healthy), Collin Delia (Healthy)
% Time on Ice - Griffins
Lines # - Real PCT - Wanted PCT - Time Play
Normal Forward
1 - 40% - 40% - 19:24
2 - 31% - 30% - 15:01
3 - 18% - 20% - 8:43
4 - 11% - 10% - 5:05
Normal Defense
1 - 38% - 40% - 18:16
2 - 31% - 30% - 14:52
3 - 21% - 20% - 10:18
4 - 10% - 10% - 4:47
PP Forward
1 - 55% - 60% - 2:17
2 - 45% - 40% - 1:50
PP Defense
1 - 52% - 60% - 2:08
2 - 48% - 40% - 1:59
PK Forward
1 - 80% - 60% - 6:10
2 - 20% - 40% - 1:30
PK Defense
1 - 59% - 60% - 4:30
2 - 41% - 40% - 3:10
PK3 Forward
1 - 0% - 60%
2 - 0% - 40%
PK3 Defense
1 - 0% - 60%
2 - 0% - 40%
44 Forward
1 - 0% - 60%
2 - 0% - 40%
44 Defense
1 - 0% - 60%
2 - 0% - 40%
Last Minute Offensive - 0:00
Last Minute Defensive - 0:00
Total
Forward - 60:00
Defense - 60:00
|
% Time on Ice - Heat
Lines # - Real PCT - Wanted PCT - Time Play
Normal Forward
1 - 38% - 40% - 18:24
2 - 29% - 30% - 13:51
3 - 17% - 20% - 7:59
4 - 17% - 10% - 7:59
Normal Defense
1 - 39% - 40% - 18:55
2 - 33% - 30% - 16:04
3 - 22% - 20% - 10:49
4 - 5% - 10% - 2:25
PP Forward
1 - 55% - 60% - 4:13
2 - 45% - 40% - 3:27
PP Defense
1 - 68% - 60% - 5:12
2 - 32% - 40% - 2:28
PK Forward
1 - 79% - 60% - 3:16
2 - 21% - 40% - 0:51
PK Defense
1 - 57% - 60% - 2:22
2 - 43% - 40% - 1:45
PK3 Forward
1 - 0% - 60%
2 - 0% - 40%
PK3 Defense
1 - 0% - 60%
2 - 0% - 40%
44 Forward
1 - 0% - 60%
2 - 0% - 40%
44 Defense
1 - 0% - 60%
2 - 0% - 40%
Last Minute Offensive - 0:00
Last Minute Defensive - 0:00
Total
Forward - 60:00
Defense - 60:00
|
Play-by-Play
1st period
0:01 of 1st period - Nico Hischier wins face-off versus Nico Sturm in neutral zone.
0:59 of 1st period - Erik Brannstrom is hit by Riley Armstrong and loses puck.
1:14 of 1st period - Snap shot by Ryan Donato.
1:14 of 1st period - Stopped by Marcus Hogberg with a rebound.
1:40 of 1st period - Snap shot by Peter Cehlarik.
1:40 of 1st period - Shot Blocked by Martin Frk.
1:52 of 1st period - Snap shot by Robby Fabbri.
1:52 of 1st period - Shot Misses the Net.
2:44 of 1st period - Slapshot by Peter Cehlarik.
2:44 of 1st period - Shot Misses the Net.
2:58 of 1st period - Backhand shot by Martin Frk.
2:58 of 1st period - Shot Misses the Net.
3:00 of 1st period - Slapshot by Filip Hronek.
3:00 of 1st period - Stopped by Michael Hutchinson without a rebound.
3:01 of 1st period - Ryan Spooner wins face-off versus Nico Hischier in Heat zone.
3:03 of 1st period - Minor Penalty to Jesper Bratt for Hooking.
3:04 of 1st period - Nico Hischier wins face-off versus Peter Cehlarik in Heat zone.
5:03 of 1st period - Penalty to Jesper Bratt is over, Jesper Bratt is back on ice.
5:15 of 1st period - Filip Hronek is hit by Barclay Goodrow and loses puck.
5:32 of 1st period - Slapshot by Jesper Bratt.
5:32 of 1st period - Shot Blocked by Robby Fabbri.
5:38 of 1st period - Wrist shot by Robby Fabbri.
5:38 of 1st period - Stopped by Michael Hutchinson without a rebound.
5:39 of 1st period - Nico Sturm wins face-off versus Cody Glass in Heat zone.
6:12 of 1st period - Robby Fabbri is hit by Evgeny Svechnikov and loses puck.
6:23 of 1st period - Nico Sturm is hit by Sonny Milano and loses puck.
6:36 of 1st period - Slapshot by Morgan Geekie.
6:36 of 1st period - Stopped by Michael Hutchinson with a rebound.
6:38 of 1st period - Snap shot by Brendan Leipsic.
6:38 of 1st period - Stopped by Michael Hutchinson with a rebound.
6:40 of 1st period - Slapshot by Ryan Pulock.
6:40 of 1st period - Stopped by Michael Hutchinson without a rebound.
6:41 of 1st period - Nico Hischier wins face-off versus Vladislav Kamenev in Heat zone.
6:52 of 1st period - Wrist shot by Lucas Lessio.
6:52 of 1st period - Stopped by Michael Hutchinson without a rebound.
6:53 of 1st period - Ryan Spooner wins face-off versus Nico Hischier in Heat zone.
7:26 of 1st period - Slapshot by Peter Cehlarik.
7:26 of 1st period - Stopped by Marcus Hogberg without a rebound.
7:27 of 1st period - Ryan Spooner wins face-off versus Christoffer Ehn in Griffins zone.
7:52 of 1st period - Lucas Lessio is hit by Evgeny Svechnikov.
8:57 of 1st period - Vladislav Kamenev is hit by Andrey Pedan and loses puck.
10:18 of 1st period - Snap shot by Ryan Donato.
10:18 of 1st period - Shot Blocked by Robbie Russo.
10:44 of 1st period - Snap shot by Barclay Goodrow.
10:44 of 1st period - Shot Misses the Net.
10:46 of 1st period - Slapshot by Brandon Hickey.
10:46 of 1st period - Deflect By Lucas Lessio.
10:46 of 1st period - Stopped by Marcus Hogberg without a rebound.
10:47 of 1st period - Ryan Spooner wins face-off versus Nico Hischier in Griffins zone.
10:48 of 1st period - Slapshot by Rasmus Andersson.
10:48 of 1st period - Stopped by Marcus Hogberg without a rebound.
10:49 of 1st period - Nico Hischier wins face-off versus Ryan Spooner in Griffins zone.
11:00 of 1st period - Backhand shot by Rasmus Andersson.
11:00 of 1st period - Stopped by Marcus Hogberg without a rebound.
11:01 of 1st period - Christoffer Ehn wins face-off versus Nico Sturm in Griffins zone.
11:53 of 1st period - Brendan Leipsic is hit by Eric Karlsson and loses puck.
13:08 of 1st period - Taylor Raddysh is hit by Filip Hronek and loses puck.
13:15 of 1st period - Slapshot by Riley Armstrong.
13:15 of 1st period - Stopped by Michael Hutchinson with a rebound.
13:17 of 1st period - Snap shot by Riley Armstrong.
13:17 of 1st period - Stopped by Michael Hutchinson without a rebound.
13:18 of 1st period - Nico Sturm wins face-off versus Nico Hischier in Heat zone.
13:23 of 1st period - Robbie Russo is hit by Peter Cehlarik.
13:27 of 1st period - Wrist shot by Martin Frk.
13:27 of 1st period - Shot Misses the Net.
13:31 of 1st period - Slapshot by Martin Frk.
13:31 of 1st period - Shot Misses the Net.
13:33 of 1st period - Snap shot by Lucas Lessio.
13:33 of 1st period - Shot Misses the Net.
14:27 of 1st period - Snap shot by Martin Frk.
14:27 of 1st period - Stopped by Michael Hutchinson without a rebound.
14:28 of 1st period - Nico Hischier wins face-off versus Vladislav Kamenev in Heat zone.
14:37 of 1st period - Martin Frk is hit by Christian Jaros and loses puck.
14:51 of 1st period - Wrist shot by Vladislav Kamenev.
14:51 of 1st period - Stopped by Marcus Hogberg with a rebound.
14:56 of 1st period - Off-side.
14:57 of 1st period - Nico Sturm wins face-off versus Christoffer Ehn in neutral zone.
15:00 of 1st period - Snap shot by Peter Cehlarik.
15:00 of 1st period - Deflect By Evgeny Svechnikov.
15:00 of 1st period - Shot Misses the Net.
15:00 of 1st period - Puck is out of play.
15:01 of 1st period - Christoffer Ehn wins face-off versus Nico Sturm in Griffins zone.
15:10 of 1st period - Slapshot by Nico Sturm.
15:10 of 1st period - Stopped by Marcus Hogberg without a rebound.
15:11 of 1st period - Nico Sturm wins face-off versus Nico Hischier in Griffins zone.
15:15 of 1st period - Minor Penalty to Andrey Pedan for Hooking.
15:16 of 1st period - Nico Sturm wins face-off versus Riley Armstrong in Griffins zone.
15:42 of 1st period - Barclay Goodrow is hit by Lucas Lessio and loses puck.
17:15 of 1st period - Penalty to Andrey Pedan is over, Andrey Pedan is back on ice.
17:45 of 1st period - Vitali Kravtsov is hit by Martin Frk and loses puck.
18:30 of 1st period - Off-side.
18:31 of 1st period - Ryan Spooner wins face-off versus Nico Hischier in neutral zone.
18:40 of 1st period - Ryan Pulock is hit by Christian Jaros and loses puck.
19:12 of 1st period - Erik Brannstrom is hit by Andrey Pedan and loses puck.
19:19 of 1st period - Slapshot by Cody Glass.
19:19 of 1st period - Stopped by Michael Hutchinson with a rebound.
19:21 of 1st period - Wrist shot by Ian McCoshen.
19:21 of 1st period - Stopped by Michael Hutchinson with a rebound.
19:40 of 1st period - Slapshot by Tage Thompson.
19:40 of 1st period - Shot Misses the Net.
19:42 of 1st period - Slapshot by Erik Brannstrom.
19:42 of 1st period - Stopped by Marcus Hogberg with a rebound.
19:44 of 1st period - Slapshot by Frank Corrado.
19:44 of 1st period - Deflect By Vitali Kravtsov.
19:44 of 1st period - Stopped by Marcus Hogberg with a rebound.
19:46 of 1st period - Wrist shot by Tage Thompson.
19:46 of 1st period - Goal by Tage Thompson - Griffins : 0 - Heat : 1.
19:47 of 1st period - Nico Sturm wins face-off versus Nico Hischier in neutral zone.
19:52 of 1st period - Wrist shot by Nico Sturm.
19:52 of 1st period - Goal by Nico Sturm - Griffins : 0 - Heat : 2.
19:53 of 1st period - Nico Sturm wins face-off versus Lucas Lessio in neutral zone.
Goals for this period are 0 for Griffins vs 2 for Heat.
Shots for this period are 11 for Griffins vs 11 for Heat.
2nd period
0:01 of 2nd period - Nico Sturm wins face-off versus Nico Hischier in neutral zone.
0:08 of 2nd period - Wrist shot by Evgeny Svechnikov.
0:08 of 2nd period - Shot Misses the Net.
0:10 of 2nd period - Slapshot by Rasmus Andersson.
0:10 of 2nd period - Deflect By Evgeny Svechnikov.
0:10 of 2nd period - Stopped by Marcus Hogberg without a rebound.
0:11 of 2nd period - Nico Sturm wins face-off versus Nico Hischier in Griffins zone.
0:24 of 2nd period - Wrist shot by Martin Frk.
0:24 of 2nd period - Shot Misses the Net.
0:26 of 2nd period - Snap shot by Martin Frk.
0:26 of 2nd period - Shot Misses the Net.
0:42 of 2nd period - Off-side.
0:43 of 2nd period - Ryan Spooner wins face-off versus Nico Hischier in neutral zone.
0:50 of 2nd period - Snap shot by Ryan Spooner.
0:50 of 2nd period - Stopped by Marcus Hogberg with a rebound.
0:52 of 2nd period - Slapshot by Barclay Goodrow.
0:52 of 2nd period - Shot Misses the Net.
0:56 of 2nd period - Wrist shot by Jesper Bratt.
0:56 of 2nd period - Stopped by Marcus Hogberg with a rebound.
0:58 of 2nd period - Slapshot by Brandon Hickey.
0:58 of 2nd period - Shot Blocked by Nils Lundkvist.
1:02 of 2nd period - Snap shot by Jesper Bratt.
1:02 of 2nd period - Stopped by Marcus Hogberg with a rebound.
1:04 of 2nd period - Wrist shot by Ryan Spooner.
1:04 of 2nd period - Shot Hit the Post.
1:06 of 2nd period - Snap shot by Barclay Goodrow.
1:06 of 2nd period - Stopped by Marcus Hogberg without a rebound.
1:07 of 2nd period - Christoffer Ehn wins face-off versus Nico Sturm in Griffins zone.
1:13 of 2nd period - Off-side.
1:14 of 2nd period - Nico Sturm wins face-off versus Christoffer Ehn in neutral zone.
1:25 of 2nd period - Wrist shot by Evgeny Svechnikov.
1:25 of 2nd period - Shot Blocked by Filip Hronek.
2:15 of 2nd period - Snap shot by Robby Fabbri.
2:15 of 2nd period - Stopped by Michael Hutchinson with a rebound.
2:17 of 2nd period - Slapshot by Andrey Pedan.
2:17 of 2nd period - Deflect By Robby Fabbri.
2:17 of 2nd period - Shot Misses the Net.
2:17 of 2nd period - Puck is out of play.
2:18 of 2nd period - Ryan Spooner wins face-off versus Nico Hischier in Heat zone.
2:50 of 2nd period - Snap shot by Morgan Geekie.
2:50 of 2nd period - Shot Misses the Net.
3:04 of 2nd period - Slapshot by Rasmus Andersson.
3:04 of 2nd period - Deflect By Nils Lundkvist.
3:04 of 2nd period - Stopped by Marcus Hogberg with a rebound.
3:06 of 2nd period - Wrist shot by Tage Thompson.
3:06 of 2nd period - Shot Blocked by Nils Lundkvist.
3:08 of 2nd period - Slapshot by Petteri Lindbohm.
3:08 of 2nd period - Deflect By Vitali Kravtsov.
3:08 of 2nd period - Goal by Vitali Kravtsov - Griffins : 0 - Heat : 3.
3:09 of 2nd period - Lucas Lessio wins face-off versus Ryan Spooner in neutral zone.
3:24 of 2nd period - Wrist shot by Martin Frk.
3:24 of 2nd period - Shot Misses the Net.
3:45 of 2nd period - Snap shot by Evgeny Svechnikov.
3:45 of 2nd period - Deflect By Peter Cehlarik.
3:45 of 2nd period - Shot Blocked by Nils Lundkvist.
3:45 of 2nd period - Puck is out of play.
3:46 of 2nd period - Nico Hischier wins face-off versus Nico Sturm in Griffins zone.
3:57 of 2nd period - Slapshot by Filip Hronek.
3:57 of 2nd period - Stopped by Michael Hutchinson without a rebound.
3:58 of 2nd period - Ryan Spooner wins face-off versus Nico Hischier in Heat zone.
3:58 of 2nd period - Ryan Spooner is hit by Nico Hischier.
4:06 of 2nd period - Snap shot by Ryan Spooner.
4:06 of 2nd period - Goal by Ryan Spooner - Griffins : 0 - Heat : 4.
4:06 of 2nd period - Adam Werner enters game.
4:07 of 2nd period - Nico Sturm wins face-off versus Nico Hischier in neutral zone.
4:24 of 2nd period - Snap shot by Evgeny Svechnikov.
4:24 of 2nd period - Shot Blocked by Andrey Pedan.
5:20 of 2nd period - Wrist shot by Brendan Leipsic.
5:20 of 2nd period - Goal by Brendan Leipsic - Griffins : 1 - Heat : 4.
5:21 of 2nd period - Christoffer Ehn wins face-off versus Nico Sturm in neutral zone.
5:50 of 2nd period - Wrist shot by Brendan Leipsic.
5:50 of 2nd period - Shot Misses the Net.
5:52 of 2nd period - Slapshot by Brendan Leipsic.
5:52 of 2nd period - Shot Misses the Net.
5:54 of 2nd period - Slapshot by Ryan Pulock.
5:54 of 2nd period - Deflect By Riley Armstrong.
5:54 of 2nd period - Stopped by Michael Hutchinson with a rebound.
5:56 of 2nd period - Snap shot by Brendan Leipsic.
5:56 of 2nd period - Shot Misses the Net.
5:58 of 2nd period - Snap shot by Brendan Leipsic.
5:58 of 2nd period - Stopped by Michael Hutchinson with a rebound.
6:00 of 2nd period - Slapshot by Nils Lundkvist.
6:00 of 2nd period - Shot Blocked by Rasmus Andersson.
6:20 of 2nd period - Slapshot by Rasmus Andersson.
6:20 of 2nd period - Shot Misses the Net.
6:22 of 2nd period - Slapshot by Rasmus Andersson.
6:22 of 2nd period - Shot Blocked by Ryan Pulock.
6:28 of 2nd period - Minor Penalty to Nils Lundkvist for Tripping.
6:29 of 2nd period - Riley Armstrong wins face-off versus Ryan Donato in Griffins zone.
7:52 of 2nd period - Barclay Goodrow is hit by Ryan Pulock and loses puck.
8:03 of 2nd period - Snap shot by Cody Glass.
8:03 of 2nd period - Shot Misses the Net.
8:28 of 2nd period - Penalty to Nils Lundkvist is over, Nils Lundkvist is back on ice.
8:52 of 2nd period - Snap shot by Eric Karlsson.
8:52 of 2nd period - Deflect By Ryan Donato.
8:52 of 2nd period - Shot Blocked by Sebastian Ahaut.
8:52 of 2nd period - Puck is out of play.
8:53 of 2nd period - Ryan Donato wins face-off versus Riley Armstrong in Griffins zone.
8:58 of 2nd period - Snap shot by Eric Karlsson.
8:58 of 2nd period - Shot Misses the Net.
9:00 of 2nd period - Slapshot by Brandon Hickey.
9:00 of 2nd period - Stopped by Adam Werner without a rebound.
9:01 of 2nd period - Nico Hischier wins face-off versus Ryan Spooner in Griffins zone.
9:09 of 2nd period - Minor Penalty to Barclay Goodrow for Interference.
9:10 of 2nd period - Lucas Lessio wins face-off versus Peter Cehlarik in Heat zone.
9:16 of 2nd period - Snap shot by Martin Frk.
9:16 of 2nd period - Deflect By Rasmus Andersson.
9:16 of 2nd period - Stopped by Michael Hutchinson with a rebound.
9:18 of 2nd period - Slapshot by Filip Hronek.
9:18 of 2nd period - Goal by Filip Hronek - Griffins : 2 - Heat : 4.
9:19 of 2nd period - Nico Hischier wins face-off versus Nico Sturm in neutral zone.
9:44 of 2nd period - Sonny Milano is hit by Ryan Spooner and loses puck.
9:53 of 2nd period - Wrist shot by Jesper Bratt.
9:53 of 2nd period - Stopped by Adam Werner without a rebound.
9:54 of 2nd period - Nico Sturm wins face-off versus Nico Hischier in Griffins zone.
9:57 of 2nd period - Backhand shot by Evgeny Svechnikov.
9:57 of 2nd period - Stopped by Adam Werner with a rebound.
10:03 of 2nd period - Snap shot by Nico Hischier.
10:03 of 2nd period - Stopped by Michael Hutchinson without a rebound.
10:04 of 2nd period - Nico Sturm wins face-off versus Nico Hischier in Heat zone.
10:27 of 2nd period - Slapshot by Nico Hischier.
10:27 of 2nd period - Stopped by Michael Hutchinson without a rebound.
10:28 of 2nd period - Christoffer Ehn wins face-off versus Ryan Spooner in Heat zone.
10:33 of 2nd period - Snap shot by Sonny Milano.
10:33 of 2nd period - Stopped by Michael Hutchinson without a rebound.
10:34 of 2nd period - Christoffer Ehn wins face-off versus Ryan Spooner in Heat zone.
10:41 of 2nd period - Wrist shot by Sonny Milano.
10:41 of 2nd period - Shot Misses the Net.
10:43 of 2nd period - Wrist shot by Sonny Milano.
10:43 of 2nd period - Shot Blocked by Brandon Hickey.
10:45 of 2nd period - Backhand shot by Filip Hronek.
10:45 of 2nd period - Deflect By Robby Fabbri.
10:45 of 2nd period - Goal by Robby Fabbri - Griffins : 3 - Heat : 4.
10:46 of 2nd period - Nico Sturm wins face-off versus Nico Hischier in neutral zone.
11:03 of 2nd period - Petteri Lindbohm is hit by Lucas Lessio and loses puck.
11:07 of 2nd period - Icing by Evgeny Svechnikov.
11:08 of 2nd period - Christoffer Ehn wins face-off versus Nico Sturm in Heat zone.
11:39 of 2nd period - Nico Hischier is hit by Jesper Bratt and loses puck.
11:46 of 2nd period - Slapshot by Jesper Bratt.
11:46 of 2nd period - Shot Blocked by Nico Hischier.
11:48 of 2nd period - Slapshot by Frank Corrado.
11:48 of 2nd period - Stopped by Adam Werner without a rebound.
11:49 of 2nd period - Ryan Donato wins face-off versus Brendan Leipsic in Griffins zone.
11:52 of 2nd period - Backhand shot by Ryan Donato.
11:52 of 2nd period - Goal by Ryan Donato - Griffins : 3 - Heat : 5.
11:53 of 2nd period - Ryan Spooner wins face-off versus Nico Hischier in neutral zone.
12:00 of 2nd period - Wrist shot by Ryan Spooner.
12:00 of 2nd period - Shot Misses the Net.
12:20 of 2nd period - Wrist shot by Riley Armstrong.
12:20 of 2nd period - Deflect By Ryan Spooner.
12:20 of 2nd period - Stopped by Michael Hutchinson without a rebound.
12:21 of 2nd period - Riley Armstrong wins face-off versus Nico Sturm in Heat zone.
12:22 of 2nd period - Slapshot by Brendan Leipsic.
12:22 of 2nd period - Shot Blocked by Frank Corrado.
12:24 of 2nd period - Snap shot by Nils Lundkvist.
12:24 of 2nd period - Deflect By Evgeny Svechnikov.
12:24 of 2nd period - Stopped by Michael Hutchinson without a rebound.
12:25 of 2nd period - Nico Sturm wins face-off versus Riley Armstrong in Heat zone.
13:47 of 2nd period - Snap shot by Robby Fabbri.
13:47 of 2nd period - Stopped by Michael Hutchinson with a rebound.
13:49 of 2nd period - Backhand shot by Christoffer Ehn.
13:49 of 2nd period - Shot Misses the Net.
13:51 of 2nd period - Slapshot by Andrey Pedan.
13:51 of 2nd period - Shot Blocked by Peter Cehlarik.
14:21 of 2nd period - Slapshot by Christoffer Ehn.
14:21 of 2nd period - Stopped by Michael Hutchinson without a rebound.
14:22 of 2nd period - Ryan Spooner wins face-off versus Lucas Lessio in Heat zone.
14:30 of 2nd period - Off-side.
14:31 of 2nd period - Nico Hischier wins face-off versus Ryan Spooner in neutral zone.
14:51 of 2nd period - Wrist shot by Jesper Bratt.
14:51 of 2nd period - Shot Misses the Net.
14:53 of 2nd period - Slapshot by Brandon Hickey.
14:53 of 2nd period - Stopped by Adam Werner without a rebound.
14:54 of 2nd period - Ryan Donato wins face-off versus Riley Armstrong in Griffins zone.
14:55 of 2nd period - Wrist shot by Erik Brannstrom.
14:55 of 2nd period - Stopped by Adam Werner with a rebound.
15:01 of 2nd period - Slapshot by Riley Armstrong.
15:01 of 2nd period - Stopped by Michael Hutchinson without a rebound.
15:02 of 2nd period - Ryan Donato wins face-off versus Riley Armstrong in Heat zone.
15:33 of 2nd period - Lucas Lessio is hit by Ryan Spooner.
16:26 of 2nd period - Wrist shot by Martin Frk.
16:26 of 2nd period - Shot Misses the Net.
16:30 of 2nd period - Slapshot by Martin Frk.
16:30 of 2nd period - Stopped by Michael Hutchinson with a rebound.
16:32 of 2nd period - Slapshot by Robbie Russo.
16:32 of 2nd period - Shot Misses the Net.
16:34 of 2nd period - Wrist shot by Ian McCoshen.
16:34 of 2nd period - Shot Misses the Net.
16:36 of 2nd period - Slapshot by Robbie Russo.
16:36 of 2nd period - Stopped by Michael Hutchinson without a rebound.
16:37 of 2nd period - Nico Sturm wins face-off versus Sonny Milano in Heat zone.
16:37 of 2nd period - Nico Sturm is hit by Christoffer Ehn.
16:45 of 2nd period - Slapshot by Petteri Lindbohm.
16:45 of 2nd period - Stopped by Adam Werner with a rebound.
16:47 of 2nd period - Snap shot by Evgeny Svechnikov.
16:47 of 2nd period - Stopped by Adam Werner without a rebound.
16:48 of 2nd period - Ryan Spooner wins face-off versus Christoffer Ehn in Griffins zone.
17:11 of 2nd period - Minor Penalty to Barclay Goodrow for Slashing.
17:12 of 2nd period - Peter Cehlarik wins face-off versus Christoffer Ehn in Heat zone.
19:08 of 2nd period - Vitali Kravtsov is hit by Filip Hronek.
19:11 of 2nd period - Penalty to Barclay Goodrow is over, Barclay Goodrow is back on ice.
Goals for this period are 3 for Griffins vs 3 for Heat.
Shots for this period are 18 for Griffins vs 17 for Heat.
3rd period
0:01 of 3rd period - Nico Sturm wins face-off versus Nico Hischier in neutral zone.
0:33 of 3rd period - Slapshot by Robby Fabbri.
0:33 of 3rd period - Shot Misses the Net.
0:35 of 3rd period - Slapshot by Ryan Pulock.
0:35 of 3rd period - Deflect By Petteri Lindbohm.
0:35 of 3rd period - Stopped by Michael Hutchinson without a rebound.
0:36 of 3rd period - Riley Armstrong wins face-off versus Nico Sturm in Heat zone.
1:23 of 3rd period - Snap shot by Eric Karlsson.
1:23 of 3rd period - Deflect By Taylor Raddysh.
1:23 of 3rd period - Stopped by Adam Werner with a rebound.
1:40 of 3rd period - Icing by Christoffer Ehn.
1:41 of 3rd period - Vladislav Kamenev wins face-off versus Cody Glass in Griffins zone.
1:52 of 3rd period - Wrist shot by Andrey Pedan.
1:52 of 3rd period - Stopped by Michael Hutchinson with a rebound.
1:54 of 3rd period - Wrist shot by Morgan Barron.
1:54 of 3rd period - Deflect By Cody Glass.
1:54 of 3rd period - Stopped by Michael Hutchinson with a rebound.
2:06 of 3rd period - Wrist shot by Nico Sturm.
2:06 of 3rd period - Deflect By Evgeny Svechnikov.
2:06 of 3rd period - Shot Blocked by Nils Lundkvist.
2:06 of 3rd period - Puck is out of play.
2:07 of 3rd period - Nico Hischier wins face-off versus Nico Sturm in Griffins zone.
2:14 of 3rd period - Snap shot by Martin Frk.
2:14 of 3rd period - Shot Misses the Net.
3:02 of 3rd period - Snap shot by Peter Cehlarik.
3:02 of 3rd period - Stopped by Adam Werner with a rebound.
3:04 of 3rd period - Slapshot by Christian Jaros.
3:04 of 3rd period - Shot Blocked by Martin Frk.
3:06 of 3rd period - Snap shot by Evgeny Svechnikov.
3:06 of 3rd period - Stopped by Adam Werner without a rebound.
3:07 of 3rd period - Christoffer Ehn wins face-off versus Jesper Bratt in Griffins zone.
3:11 of 3rd period - Off-side.
3:12 of 3rd period - Ryan Spooner wins face-off versus Christoffer Ehn in neutral zone.
3:23 of 3rd period - Off-side.
3:24 of 3rd period - Christoffer Ehn wins face-off versus Ryan Spooner in neutral zone.
3:27 of 3rd period - Slapshot by Andrey Pedan.
3:27 of 3rd period - Stopped by Michael Hutchinson without a rebound.
3:28 of 3rd period - Jesper Bratt wins face-off versus Christoffer Ehn in Heat zone.
4:00 of 3rd period - Slapshot by Brendan Leipsic.
4:00 of 3rd period - Stopped by Michael Hutchinson without a rebound.
4:01 of 3rd period - Ryan Spooner wins face-off versus Nico Hischier in Heat zone.
4:08 of 3rd period - Lucas Lessio is hit by Frank Corrado and loses puck.
5:53 of 3rd period - Icing by Martin Frk.
5:54 of 3rd period - Nico Sturm wins face-off versus Riley Armstrong in Griffins zone.
6:31 of 3rd period - Snap shot by Robbie Russo.
6:31 of 3rd period - Stopped by Michael Hutchinson with a rebound.
6:33 of 3rd period - Wrist shot by Jack Studnicka.
6:33 of 3rd period - Deflect By Cody Glass.
6:33 of 3rd period - Stopped by Michael Hutchinson without a rebound.
6:34 of 3rd period - Nico Sturm wins face-off versus Nico Hischier in Heat zone.
6:59 of 3rd period - Rasmus Andersson is hit by Riley Armstrong.
7:41 of 3rd period - Ryan Donato is hit by Cody Glass and loses puck.
7:52 of 3rd period - Slapshot by Ryan Donato.
7:52 of 3rd period - Deflect By Sebastian Ahaut.
7:52 of 3rd period - Shot Blocked by Sebastian Ahaut.
7:52 of 3rd period - Puck is out of play.
7:53 of 3rd period - Nico Hischier wins face-off versus Ryan Spooner in Griffins zone.
8:53 of 3rd period - Slapshot by Nico Hischier.
8:53 of 3rd period - Shot Misses the Net.
9:15 of 3rd period - Wrist shot by Martin Frk.
9:15 of 3rd period - Stopped by Michael Hutchinson with a rebound.
9:17 of 3rd period - Snap shot by Nico Hischier.
9:17 of 3rd period - Stopped by Michael Hutchinson without a rebound.
9:18 of 3rd period - Nico Sturm wins face-off versus Christoffer Ehn in Heat zone.
9:23 of 3rd period - Slapshot by Evgeny Svechnikov.
9:23 of 3rd period - Stopped by Adam Werner without a rebound.
9:24 of 3rd period - Nico Sturm wins face-off versus Christoffer Ehn in Griffins zone.
9:27 of 3rd period - Snap shot by Evgeny Svechnikov.
9:27 of 3rd period - Shot Misses the Net.
9:50 of 3rd period - Off-side.
9:51 of 3rd period - Ryan Spooner wins face-off versus Riley Armstrong in neutral zone.
9:53 of 3rd period - Off-side.
9:54 of 3rd period - Ryan Spooner wins face-off versus Riley Armstrong in neutral zone.
10:01 of 3rd period - Slapshot by Barclay Goodrow.
10:01 of 3rd period - Shot Misses the Net.
10:03 of 3rd period - Slapshot by Christian Jaros.
10:03 of 3rd period - Shot Misses the Net.
10:05 of 3rd period - Snap shot by Barclay Goodrow.
10:05 of 3rd period - Shot Misses the Net.
10:09 of 3rd period - Snap shot by Jesper Bratt.
10:09 of 3rd period - Deflect By Barclay Goodrow.
10:09 of 3rd period - Stopped by Adam Werner without a rebound.
10:10 of 3rd period - Nico Sturm wins face-off versus Christoffer Ehn in Griffins zone.
10:15 of 3rd period - Slapshot by Evgeny Svechnikov.
10:15 of 3rd period - Stopped by Adam Werner without a rebound.
10:16 of 3rd period - Nico Sturm wins face-off versus Christoffer Ehn in Griffins zone.
11:34 of 3rd period - Slapshot by Christoffer Ehn.
11:34 of 3rd period - Stopped by Michael Hutchinson without a rebound.
11:35 of 3rd period - Nico Hischier wins face-off versus Ryan Donato in Heat zone.
11:54 of 3rd period - Frank Corrado is hit by Lucas Lessio and loses puck.
12:25 of 3rd period - Slapshot by Cody Glass.
12:25 of 3rd period - Stopped by Michael Hutchinson without a rebound.
12:26 of 3rd period - Vladislav Kamenev wins face-off versus Cody Glass in Heat zone.
12:26 of 3rd period - Vladislav Kamenev is hit by Ian McCoshen.
12:42 of 3rd period - Snap shot by Morgan Barron.
12:42 of 3rd period - Stopped by Michael Hutchinson with a rebound.
12:56 of 3rd period - Snap shot by Riley Armstrong.
12:56 of 3rd period - Shot Blocked by Vladislav Kamenev.
12:58 of 3rd period - Snap shot by Brendan Leipsic.
12:58 of 3rd period - Shot Hit the Post.
13:05 of 3rd period - Minor Penalty to Riley Armstrong for Holding.
13:06 of 3rd period - Cody Glass wins face-off versus Nico Sturm in Griffins zone.
13:14 of 3rd period - Slapshot by Lucas Lessio.
13:14 of 3rd period - Stopped by Michael Hutchinson without a rebound.
13:15 of 3rd period - Cody Glass wins face-off versus Nico Sturm in Heat zone.
13:28 of 3rd period - Wrist shot by Cody Glass.
13:28 of 3rd period - Shot Misses the Net.
14:46 of 3rd period - Nico Hischier is hit by Jesper Bratt and loses puck.
15:05 of 3rd period - Penalty to Riley Armstrong is over, Riley Armstrong is back on ice.
15:19 of 3rd period - Snap shot by Vladislav Kamenev.
15:19 of 3rd period - Shot Misses the Net.
15:21 of 3rd period - Slapshot by Christian Jaros.
15:21 of 3rd period - Shot Blocked by Andrey Pedan.
15:23 of 3rd period - Slapshot by Vladislav Kamenev.
15:23 of 3rd period - Shot Hit the Post.
15:25 of 3rd period - Slapshot by Christian Jaros.
15:25 of 3rd period - Stopped by Adam Werner with a rebound.
16:01 of 3rd period - Slapshot by Ryan Donato.
16:01 of 3rd period - Stopped by Adam Werner with a rebound.
16:03 of 3rd period - Slapshot by Frank Corrado.
16:03 of 3rd period - Stopped by Adam Werner with a rebound.
16:27 of 3rd period - Slapshot by Morgan Geekie.
16:27 of 3rd period - Shot Misses the Net.
16:39 of 3rd period - Slapshot by Nico Hischier.
16:39 of 3rd period - Shot Blocked by Tage Thompson.
16:41 of 3rd period - Backhand shot by Brendan Leipsic.
16:41 of 3rd period - Stopped by Michael Hutchinson without a rebound.
16:42 of 3rd period - Ryan Donato wins face-off versus Nico Hischier in Heat zone.
18:16 of 3rd period - Minor Penalty to Robby Fabbri for Hooking.
18:17 of 3rd period - Nico Sturm wins face-off versus Riley Armstrong in Griffins zone.
18:30 of 3rd period - Snap shot by Rasmus Andersson.
18:30 of 3rd period - Stopped by Adam Werner without a rebound.
18:31 of 3rd period - Riley Armstrong wins face-off versus Nico Sturm in Griffins zone.
19:08 of 3rd period - Icing by Erik Brannstrom.
19:09 of 3rd period - Ryan Spooner wins face-off versus Riley Armstrong in Heat zone.
19:30 of 3rd period - Snap shot by Ryan Spooner.
19:30 of 3rd period - Shot Blocked by Ian McCoshen.
19:32 of 3rd period - Slapshot by Rasmus Andersson.
19:32 of 3rd period - Stopped by Adam Werner with a rebound.
19:34 of 3rd period - Slapshot by Ryan Spooner.
19:34 of 3rd period - Stopped by Adam Werner without a rebound.
19:35 of 3rd period - Cody Glass wins face-off versus Nico Sturm in Griffins zone.
19:35 of 3rd period - Cody Glass is hit by Frank Corrado.
19:49 of 3rd period - Slapshot by Jesper Bratt.
19:49 of 3rd period - Shot Misses the Net.
Goals for this period are 0 for Griffins vs 0 for Heat.
Shots for this period are 14 for Griffins vs 12 for Heat.